AoeStats
← 黑森林第一巴图鲁

Fortress

510105843Analyzed
2v2 RM · 2d ago on Sep 29, 2026· 74m 29s· 4 players
Game mode
Random Map
Map size
Normal (6 player)
Population
200
Speed
Normal
Resources
Standard
Victory
Conquest
Starting age
Dark Age
Ending age
Imperial Age
RankedLock teamsTeams togetherTeam positionsShared explorationLock speedFull tech treeHidden civsTurbo modeCheats
Victory
Defeat
🇦🇷 Koreans · Argentina
857
+14
710
+19
🇨🇳 Byzantines · China
815
-17
🇨🇿 Spanish · Czechia
792
-16
[UBC] Lobo
0:27 Loom
8:49 Feudal Age
10:07 Wheelbarrow
9:19 Double-Bit Axe
9:17 Horse Collar
12:06 Gold Mining
14:14 Stone Mining
18:35 Fletching
18:56 Forging
18:52 Scale Barding Armor
20:54 Castle Age
22:15 Caravan
22:27 Bow Saw
22:20 Heavy Plow
23:43 Fervor
26:16 Sanctity
26:19 Arson
25:56 Pikeman
26:32 Elite Skirmisher
28:20 Squires
29:04 Ballistics
28:54 Masonry
32:07 Iron Casting
31:28 Bodkin Arrow
33:10 Hand Cart
34:39 Thumb Ring
35:03 Bloodlines
34:53 Husbandry
34:14 Light Cavalry
34:58 Inquisition
36:41 Redemption
42:19 Imperial Age
40:07 Scale Mail Armor
40:08 Padded Archer Armor
42:17 Fortified Wall
42:04 Bodkin Arrow
42:30 Chain Barding Armor
42:12 Padded Archer Armor
42:27 Chain Mail Armor
44:27 Chemistry
43:59 Architecture
44:11 Guilds
44:47 Conscription
46:28 Hoardings
47:35 Hussar
49:13 Bracer
50:14 Blast Furnace
50:17 Elite Conquistador
51:28 Plate Mail Armor
51:34 Plate Barding Armor
51:14 Leather Archer Armor
52:26 Stone Shaft Mining
53:38 Two-Man Saw
54:35 Block Printing
54:46 Illumination
54:57 Theocracy
54:23 Devotion
54:24 Atonement
53:48 Halberdier
55:31 Illumination
55:06 Devotion
55:42 Theocracy
55:07 Atonement
60:56 Ring Archer Armor
69:36 Murder Holes
70:05 Bombard Tower
908029158
8:07 Feudal Age
13:26 Castle Age
12:28 Double-Bit Axe
12:27 Horse Collar
12:40 Stone Mining
13:12 Gold Mining
15:10 Loom
16:01 Wheelbarrow
19:26 Bow Saw
20:21 Stone Shaft Mining
20:21 Gold Shaft Mining
21:20 Heavy Plow
21:37 Hand Cart
22:40 Forging
22:36 Scale Barding Armor
29:41 Imperial Age
28:47 Iron Casting
28:32 Chain Barding Armor
29:16 Fortified Wall
28:47 Treadmill Crane
29:03 Murder Holes
29:29 Ballistics
30:46 Conscription
31:02 Hoardings
34:10 Plate Barding Armor
35:35 Crop Rotation
36:07 Two-Man Saw
35:46 Gold Shaft Mining
36:41 Elite Cataphract
40:16 Fletching
42:29 Logistica
45:08 Arrowslits
47:23 Guilds
47:18 Caravan
50:15 Padded Archer Armor
50:12 Bodkin Arrow
51:31 Chemistry
51:56 Pikeman
52:36 Squires
52:24 Arson
60:32 Bracer
60:47 Leather Archer Armor
60:33 Scale Mail Armor
Tricio 12
8:52 Feudal Age
9:30 Horse Collar
10:23 Double-Bit Axe
13:31 Wheelbarrow
12:47 Man-at-Arms
14:31 Arson
18:39 Castle Age
16:57 Scale Mail Armor
18:46 Forging
19:02 Long Swordsman
19:43 Squires
19:56 Bow Saw
20:10 Hand Cart
19:58 Heavy Plow
20:10 Crossbowman
20:52 Loom
21:39 Town Watch
22:04 Thumb Ring
24:40 Ballistics
24:02 Treadmill Crane
27:35 Eupseong
28:17 Town Patrol
28:15 Murder Holes
29:09 Fortified Wall
28:56 Fletching
30:25 Pikeman
41:07 Bodkin Arrow
41:37 Elite Skirmisher
45:47 Imperial Age
46:15 Chain Mail Armor
46:36 Iron Casting
47:51 Two-Man Saw
47:20 Caravan
47:53 Plate Mail Armor
47:43 Halberdier
48:32 Siege Engineers
49:11 Conscription
49:04 Bracer
52:16 Chemistry
53:38 Arrowslits
54:48 Arbalester
55:48 Gold Mining
55:51 Stone Mining
黑森林第一巴图鲁
0:46 Loom
8:23 Feudal Age
10:14 Wheelbarrow
9:27 Double-Bit Axe
9:25 Horse Collar
13:02 Town Watch
15:58 Castle Age
15:26 Forging
17:44 Bow Saw
20:26 Heavy Plow
23:15 Fletching
23:26 Padded Archer Armor
23:53 Scale Mail Armor
24:29 Iron Casting
23:54 Bodkin Arrow
24:07 Scale Barding Armor
24:42 Gold Mining
28:22 Stone Mining
30:10 Leather Archer Armor
33:08 Imperial Age
30:46 Pikeman
33:17 Chain Barding Armor
33:14 Bloodlines
33:06 Husbandry
32:27 Light Cavalry
35:12 Conscription
35:44 Gold Shaft Mining
35:45 Stone Shaft Mining
40:51 Blast Furnace
39:52 Bracer
40:37 Hand Cart
40:25 Town Patrol
39:51 Elite Steppe Lancer
42:08 Parthian Tactics
43:00 Stone Shaft Mining
42:37 Hussar
44:33 Fortified Wall
46:06 Ballistics
45:57 Masonry
46:48 Chemistry
46:02 Thumb Ring
47:21 Elite Mangudai
49:48 Squires
50:54 Caravan
51:31 Chain Mail Armor
52:54 Elite Skirmisher
62:05 Drill
62:48 Capped Ram
62:49 Onager
64:38 Siege Ram
Connection lost

Rejoining the realm…

Still unreachable

The connection could not be restored.

Session expired

The server has moved on; the page needs a fresh start.